Harfangs vs Knights
(R1)
Created - May 26, 2020 at 19:09
Goals
|
| Harfangs |
1 |
0 |
0 |
1 |
| Knights |
1 |
0 |
2 |
3 |
|
Shots
|
| Harfangs |
12 |
3 |
3 |
18 |
| Knights |
7 |
4 |
12 |
23 |
|
1st period
1. Knights , Nicolas Petan 1 (Michael Matheson 4, Nathan Walker 1) at 10:37
2. Harfangs , Calle Jarnkrok 2 (Brandon McMillan 10, Ryan Hartman 6) at 15:34
Penalties :
Tomas Kundratek (Lon) for Tripping (Minor) at 6:52, Ryan Hartman (BEA) for Roughing (Minor) at 7:23, Dwight King (Lon) for Hooking (Minor) at 18:27
2nd period
No Goal
Penalties :
Morgan Klimchuk (BEA) for High sticking (Minor) at 3:18, Erik Nystrom (BEA) for High sticking (Double Minor) at 8:27, Nicolas Petan (Lon) for Roughing (Minor) at 15:32
3rd period
3. Knights , Vince Hinostroza 4 (Nathan Walker 2, Nicolas Petan 2) at 8:59
4. Knights , Dwight King 4 (Noel Acciari 11, Olli Maatta 1) at 12:51
Penalties :
Nicolas Petan (Lon) for Boarding (Double Minor) at 1:52, Michael Bournival (BEA) for Boarding (Double Minor) at 12:54, Erik Nystrom (BEA) for Hooking (Minor) at 19:32
Goalie Stats
Ilya Sorokin (BEA), 20 saves from 23 shots - (0.870), L, 3-2-0, 60:00 minutes
Elvis Merzlikins (Lon), 17 saves from 18 shots - (0.944), W, 5-1-0, 60:00 minutes
Players Stats for Harfangs
Player Name G A P +/- PIM S H SB GA TA FO MP PP MP PK MP
------------------------------------------------------------------------------------
Brandon McMillan 0 1 1 -1 0 3 2 0 0 0 0/0 15:12 3:29 1:58
Calle Jarnkrok 1 0 1 -1 0 3 1 0 0 0 6/8 17:39 3:29 3:38
Dylan Olsen 0 0 0 -1 0 2 1 1 0 0 0/0 27:50 4:32 5:16
Erik Nystrom 0 0 0 0 6 0 0 0 0 0 0/0 12:10 0:00 2:29
Jake Dotchin 0 0 0 0 0 0 1 0 0 2 0/0 20:51 3:30 4:18
Lucas Wallmarkk 0 0 0 0 0 0 0 1 0 0 0/1 7:03 0:00 0:00
Mark Alt 0 0 0 -1 0 0 1 0 0 1 0/0 11:10 0:27 0:55
Michael Bournival 0 0 0 -1 4 3 0 0 1 0 0/0 19:49 3:53 2:59
Morgan Klimchuk 0 0 0 0 2 0 0 0 0 0 0/0 9:50 0:10 2:33
Nick Shore 0 0 0 0 0 0 1 0 0 0 0/1 12:51 1:09 1:38
Nick Sorensen 0 0 0 0 0 0 0 0 0 0 0/0 8:00 0:53 0:00
Reid McNeill 0 0 0 0 0 0 1 0 0 0 0/0 20:22 3:30 4:18
Rinat Valiev 0 0 0 -1 0 0 1 0 0 1 0/0 11:42 0:26 1:32
Ryan Hartman 0 1 1 -1 2 0 2 1 1 0 0/1 13:46 3:28 0:00
Sven Andrighetto 0 0 0 0 0 1 2 0 0 0 0/0 11:28 1:16 0:05
Tyler Brenner 0 0 0 -1 0 3 2 0 0 1 6/20 18:35 3:40 1:42
Tyler Randell 0 0 0 -1 0 2 2 0 0 0 7/8 21:09 3:56 4:48
Victor Bartley 0 0 0 -1 0 1 1 2 1 1 0/0 28:05 4:31 5:31
Players Stats for Knights
Player Name G A P +/- PIM S H SB GA TA FO MP PP MP PK MP
------------------------------------------------------------------------------------
Brendan Gaunce 0 0 0 0 0 1 2 0 0 0 2/2 10:13 1:09 0:02
Collin Miller 0 0 0 0 0 0 3 0 0 0 0/0 18:41 5:19 0:00
Dwight King 1 0 1 0 2 4 1 1 0 0 4/4 20:00 4:14 3:01
Jaccob Slavin 0 0 0 0 0 3 0 0 1 0 0/0 24:44 5:19 4:06
Jordan Martinook 0 0 0 0 0 1 2 1 0 0 0/0 16:51 2:02 4:28
Josh Bailey 0 0 0 0 0 2 1 1 0 0 3/3 17:26 4:50 2:38
Linden Vey 0 0 0 0 0 3 0 0 1 0 0/1 14:47 4:25 0:00
Ludwig Bystrom 0 0 0 1 0 0 1 0 0 0 0/0 11:52 0:53 0:34
Michael Matheson 0 1 1 2 0 0 2 1 0 1 0/0 18:33 0:53 4:06
Miro Aaltonen 0 0 0 0 0 0 0 0 2 0 2/5 10:00 0:00 0:00
Nathan Walker 0 2 2 2 0 1 4 0 0 0 0/0 9:19 0:41 0:16
Nicolas Petan 1 1 2 2 6 1 0 0 0 0 1/2 7:54 0:00 0:00
Nikolaj Ehlers 0 0 0 0 0 1 0 0 0 1 0/1 15:38 4:46 2:08
Noel Acciari 0 1 1 0 0 1 0 1 0 0 8/21 19:43 4:38 2:47
Olli Maatta 0 1 1 1 0 0 1 2 0 0 0/0 23:23 4:43 3:58
Ryan Strome 0 0 0 0 0 2 3 1 0 1 0/0 16:53 4:14 0:00
Tomas Kundratek 0 0 0 0 2 1 2 0 1 0 0/0 22:52 4:49 4:12
Vince Hinostroza 1 0 1 2 0 2 2 0 1 0 0/0 11:11 1:40 1:36
3 Stars
1 - Nathan Walker (Lon)
2 - Vince Hinostroza (Lon)
3 - Michael Matheson (Lon)
Power Play
Harfangs - 0 on 5 Attempt(s) - 0.00%
Knights - 0 on 7 Attempt(s) - 0.00%
Penalty Kill
Harfangs - 7 on 7 Attempt(s) - 100.00%
- Score 0 goal in Penalty Kill
Knights - 5 on 5 Attempt(s) - 100.00%
- Score 0 goal in Penalty Kill
Team Stat
Harfangs - Hits : 18 - Faceoff Wins : 19 - Blocked Shots : 5 - Penalty Minutes : 14
Knights - Hits : 24 - Faceoff Wins : 20 - Blocked Shots : 8 - Penalty Minutes : 10
Official
Referees : Unknown
Linesman : Unknown
Game Notes
No Game Note
Finance
Level 1 -- Attendance: 2000 (100.00%) -- Ticket Income $70,000
Level 2 -- Attendance: 879 (87.90%) -- Ticket Income $17,580
Total Attendance: 2879 (95.97%)
Total Ticket Income: $87,580
Other Income: $4,379
Total Income: $91,959
Harfangs
5 vs 5 Forward
Center Left Wing Right Wing Time % Phy DF OF
1 Tyler Brenner Michael Bournival Tyler Randell 40 1 2 2
2 Calle Jarnkrok Brandon McMillan Ryan Hartman 30 1 2 2
3 Nick Shore Erik Nystrom Sven Andrighetto 20 1 2 2
4 Lucas Wallmarkk Morgan Klimchuk Nick Sorensen 10 1 2 2
5 vs 5 Defense
Defense Defense Time % Phy DF OF
1 Dylan Olsen Victor Bartley 40 1 2 2
2 Reid McNeill Jake Dotchin 30 1 2 2
3 Mark Alt Rinat Valiev 20 1 2 2
4 Dylan Olsen Victor Bartley 10 1 2 2
PowerPlay Forward
Center Left Wing Right Wing Time % Phy DF OF
1 Tyler Brenner Michael Bournival Tyler Randell 60 1 2 2
2 Calle Jarnkrok Brandon McMillan Ryan Hartman 40 1 2 2
PowerPlay Defense
Defense Defense Time % Phy DF OF
1 Dylan Olsen Victor Bartley 60 1 2 2
2 Reid McNeill Jake Dotchin 40 1 2 2
Penalty Kill 4 Players Forward
Center Wing Time % Phy DF OF
1 Tyler Randell Michael Bournival 60 1 2 2
2 Tyler Brenner Calle Jarnkrok 40 1 2 2
Penalty Kill 4 Players Defense
Defense Defense Time % Phy DF OF
1 Dylan Olsen Victor Bartley 60 1 2 2
2 Reid McNeill Jake Dotchin 40 1 2 2
Penalty Kill - 3 Players Forward
Forward Time % Phy DF OF
1 Tyler Randell 60 1 2 2
2 Michael Bournival 40 1 2 2
Penalty Kill - 3 Players Defense
Defense Defense Time % Phy DF OF
1 Dylan Olsen Victor Bartley 60 1 2 2
2 Reid McNeill Jake Dotchin 40 1 2 2
4 vs 4 Forward
Center Wing Time % Phy DF OF
1 Tyler Randell Michael Bournival 60 1 2 2
2 Tyler Brenner Calle Jarnkrok 40 1 2 2
4 vs 4 Defense
Defense Defense Time % Phy DF OF
1 Dylan Olsen Victor Bartley 60 1 2 2
2 Reid McNeill Jake Dotchin 40 1 2 2
Last Minutes Offensive
Center Left Wing Right Wing Defense Defense
Tyler Brenner Michael Bournival Tyler Randell Dylan Olsen Victor Bartley
Last Minutes Defensive
Center Left Wing Right Wing Defense Defense
Tyler Brenner Michael Bournival Tyler Randell Dylan Olsen Victor Bartley
Goaltenders
Starting : Ilya Sorokin
Backup : Anton Forsberg
Extra Forwards
Normal : Sven Andrighetto, Nick Shore, Erik Nystrom - PP : Sven Andrighetto, Nick Shore - PK : Erik Nystrom
Extra Defensemen
Normal : Mark Alt, Rinat Valiev, Reid McNeill - PP : Mark Alt - PK : Rinat Valiev, Reid McNeill
Penalty Shots
Tyler Randell, Michael Bournival, Tyler Brenner, Calle Jarnkrok, Brandon McMillan
Scratches
Cristoval Nieves (Healthy), JC Lipon (Healthy), Brenden Kichton (Healthy), Blake Heinrich (Sprained Right Knee Injury), Laurent Dauphin (Healthy)
Brendan Leipsic (Healthy), Devon Teows (Healthy), Justin Kirkland (Healthy), Anthony Angello (Healthy), Jason Kasdorf (Healthy)
Scott Wedgewood (Healthy), Zachary Fucale (Healthy)
Knights
5 vs 5 Forward
Center Left Wing Right Wing Time % Phy DF OF
1 Noel Acciari Dwight King Ryan Strome 40 1 2 2
2 Miro Aaltonen Jordan Martinook Josh Bailey 30 1 2 2
3 Brendan Gaunce Nikolaj Ehlers Linden Vey 20 1 2 2
4 Nicolas Petan Nathan Walker Vince Hinostroza 10 1 2 2
5 vs 5 Defense
Defense Defense Time % Phy DF OF
1 Jaccob Slavin Tomas Kundratek 40 1 2 2
2 Collin Miller Olli Maatta 30 1 2 2
3 Michael Matheson Ludwig Bystrom 18 1 2 2
4 Michael Matheson Jaccob Slavin 12 1 2 2
PowerPlay Forward
Center Left Wing Right Wing Time % Phy DF OF
1 Noel Acciari Nikolaj Ehlers Josh Bailey 60 0 1 4
2 Ryan Strome Dwight King Linden Vey 40 0 1 4
PowerPlay Defense
Defense Defense Time % Phy DF OF
1 Collin Miller Jaccob Slavin 60 0 1 4
2 Olli Maatta Tomas Kundratek 40 0 1 4
Penalty Kill 4 Players Forward
Center Wing Time % Phy DF OF
1 Dwight King Jordan Martinook 60 1 3 1
2 Noel Acciari Vince Hinostroza 40 1 3 1
Penalty Kill 4 Players Defense
Defense Defense Time % Phy DF OF
1 Tomas Kundratek Olli Maatta 60 1 3 1
2 Jaccob Slavin Michael Matheson 40 1 3 1
Penalty Kill - 3 Players Forward
Forward Time % Phy DF OF
1 Noel Acciari 60 0 4 1
2 Vince Hinostroza 40 0 4 1
Penalty Kill - 3 Players Defense
Defense Defense Time % Phy DF OF
1 Jaccob Slavin Tomas Kundratek 60 1 3 1
2 Michael Matheson Olli Maatta 40 1 3 1
4 vs 4 Forward
Center Wing Time % Phy DF OF
1 Noel Acciari Josh Bailey 60 1 2 2
2 Ryan Strome Dwight King 40 1 2 2
4 vs 4 Defense
Defense Defense Time % Phy DF OF
1 Tomas Kundratek Jaccob Slavin 60 1 2 2
2 Michael Matheson Collin Miller 40 1 2 2
Last Minutes Offensive
Center Left Wing Right Wing Defense Defense
Noel Acciari Dwight King Josh Bailey Tomas Kundratek Jaccob Slavin
Last Minutes Defensive
Center Left Wing Right Wing Defense Defense
Noel Acciari Jordan Martinook Vince Hinostroza Jaccob Slavin Tomas Kundratek
Goaltenders
Starting : Elvis Merzlikins
Backup : Magnus Hellberg
Extra Forwards
Normal : Jordan Martinook, Linden Vey, Dwight King - PP : Linden Vey, Jordan Martinook - PK : Josh Bailey
Extra Defensemen
Normal : Tomas Kundratek, Michael Matheson, Collin Miller - PP : Michael Matheson - PK : Ludwig Bystrom, Michael Matheson
Penalty Shots
Noel Acciari, Miro Aaltonen, Ryan Strome, Linden Vey, Dwight King
Scratches
Zach Nastasiuk (Healthy), Nicklas Jensen (Healthy), Alan Quine (Healthy), David Shields (Healthy), Matthew Benning (Healthy)
Trevor Moore (Healthy), Scott Wilson (Healthy), Curtis Valk (Healthy), Anthony Louis (Healthy), Travis Boyd (Healthy)
Fredrik Claesson (Healthy), Mackenzie MacEachern (Healthy), Valentin Zykov (Healthy), Jayce Hawryluk (Healthy), Kevin Fiala (Healthy)
A.J. Jenks (Healthy), Ryan Collins (Healthy), William Lagesson (Healthy), Eamon McAdam (Healthy), Philippe Desrosiers (Healthy)
Ville Husso (Healthy)
% Time on Ice - Harfangs
Lines # - Real PCT - Wanted PCT - Time Play
Normal Forward
1 - 32% - 40% - 12:36
2 - 28% - 30% - 10:55
3 - 22% - 20% - 8:35
4 - 18% - 10% - 7:03
Normal Defense
1 - 43% - 40% - 16:51
2 - 29% - 30% - 11:28
3 - 26% - 20% - 10:00
4 - 2% - 10% - 0:50
PP Forward
1 - 59% - 60% - 4:59
2 - 41% - 40% - 3:29
PP Defense
1 - 59% - 60% - 4:58
2 - 41% - 40% - 3:30
PK Forward
1 - 84% - 60% - 9:13
2 - 16% - 40% - 1:42
PK Defense
1 - 61% - 60% - 6:37
2 - 39% - 40% - 4:18
PK3 Forward
1 - 0% - 60%
2 - 0% - 40%
PK3 Defense
1 - 0% - 60%
2 - 0% - 40%
44 Forward
1 - 72% - 60% - 1:03
2 - 28% - 40% - 0:25
44 Defense
1 - 59% - 60% - 0:52
2 - 41% - 40% - 0:36
Last Minute Offensive - 0:00
Last Minute Defensive - 0:00
Total
Forward - 60:00
Defense - 60:00
|
% Time on Ice - Knights
Lines # - Real PCT - Wanted PCT - Time Play
Normal Forward
1 - 30% - 40% - 11:42
2 - 30% - 30% - 11:37
3 - 20% - 20% - 8:01
4 - 20% - 10% - 7:49
Normal Defense
1 - 37% - 40% - 14:40
2 - 33% - 30% - 12:52
3 - 24% - 18% - 9:24
4 - 6% - 12% - 2:13
PP Forward
1 - 58% - 60% - 6:18
2 - 42% - 40% - 4:37
PP Defense
1 - 57% - 60% - 6:12
2 - 43% - 40% - 4:43
PK Forward
1 - 81% - 60% - 6:52
2 - 19% - 40% - 1:36
PK Defense
1 - 52% - 60% - 4:22
2 - 48% - 40% - 4:06
PK3 Forward
1 - 0% - 60%
2 - 0% - 40%
PK3 Defense
1 - 0% - 60%
2 - 0% - 40%
44 Forward
1 - 74% - 60% - 1:05
2 - 26% - 40% - 0:23
44 Defense
1 - 100% - 60% - 1:28
2 - 0% - 40% - 0:00
Last Minute Offensive - 0:00
Last Minute Defensive - 0:00
Total
Forward - 60:00
Defense - 60:00
|
Play-by-Play
1st period
0:01 of 1st period - Dwight King wins face-off versus Tyler Brenner in neutral zone.
1:16 of 1st period - Wrist shot by Lucas Wallmarkk.
1:16 of 1st period - Shot Misses the Net.
1:18 of 1st period - Slapshot by Reid McNeill.
1:18 of 1st period - Shot Misses the Net.
1:28 of 1st period - Noel Acciari is hit by Tyler Brenner and loses puck.
2:15 of 1st period - Snap shot by Nick Shore.
2:15 of 1st period - Shot Misses the Net.
2:31 of 1st period - Slapshot by Dylan Olsen.
2:31 of 1st period - Shot Misses the Net.
2:33 of 1st period - Slapshot by Dylan Olsen.
2:33 of 1st period - Shot Misses the Net.
2:52 of 1st period - Backhand shot by Ryan Strome.
2:52 of 1st period - Stopped by Ilya Sorokin with a rebound.
4:26 of 1st period - Michael Matheson is hit by Reid McNeill and loses puck.
4:33 of 1st period - Snap shot by Calle Jarnkrok.
4:33 of 1st period - Stopped by Elvis Merzlikins with a rebound.
4:35 of 1st period - Wrist shot by Brandon McMillan.
4:35 of 1st period - Shot Blocked by Michael Matheson.
4:37 of 1st period - Snap shot by Calle Jarnkrok.
4:37 of 1st period - Shot Misses the Net.
4:49 of 1st period - Icing by Nick Shore.
4:50 of 1st period - Brendan Gaunce wins face-off versus Nick Shore in Harfangs zone.
5:14 of 1st period - Nikolaj Ehlers is hit by Sven Andrighetto.
5:18 of 1st period - Erik Nystrom is hit by Olli Maatta and loses puck.
5:37 of 1st period - Snap shot by Linden Vey.
5:37 of 1st period - Stopped by Ilya Sorokin without a rebound.
5:38 of 1st period - Noel Acciari wins face-off versus Tyler Brenner in Harfangs zone.
5:41 of 1st period - Slapshot by Ryan Strome.
5:41 of 1st period - Shot Misses the Net.
5:43 of 1st period - Slapshot by Dwight King.
5:43 of 1st period - Shot Misses the Net.
6:03 of 1st period - Jordan Martinook is hit by Dylan Olsen and loses puck.
6:10 of 1st period - Snap shot by Brandon McMillan.
6:10 of 1st period - Shot Misses the Net.
6:16 of 1st period - Wrist shot by Calle Jarnkrok.
6:16 of 1st period - Stopped by Elvis Merzlikins with a rebound.
6:52 of 1st period - Minor Penalty to Tomas Kundratek for Tripping.
6:53 of 1st period - Dwight King wins face-off versus Tyler Brenner in Knights zone.
7:23 of 1st period - Minor Penalty to Ryan Hartman for Roughing.
7:24 of 1st period - Tyler Randell wins face-off versus Noel Acciari in Harfangs zone.
7:33 of 1st period - Wrist shot by Tyler Randell.
7:33 of 1st period - Shot Blocked by Noel Acciari.
8:01 of 1st period - Wrist shot by Ryan Strome.
8:01 of 1st period - Shot Blocked by Victor Bartley.
8:52 of 1st period - Penalty to Tomas Kundratek is over, Tomas Kundratek is back on ice.
9:09 of 1st period - Olli Maatta is hit by Calle Jarnkrok and loses puck.
9:23 of 1st period - Penalty to Ryan Hartman is over, Ryan Hartman is back on ice.
9:31 of 1st period - Slapshot by Morgan Klimchuk.
9:31 of 1st period - Shot Misses the Net.
10:35 of 1st period - Snap shot by Nathan Walker.
10:35 of 1st period - Shot Misses the Net.
10:37 of 1st period - Slapshot by Michael Matheson.
10:37 of 1st period - Deflect By Nicolas Petan.
10:37 of 1st period - Goal by Nicolas Petan - Harfangs : 0 - Knights : 1.
10:38 of 1st period - Miro Aaltonen wins face-off versus Tyler Brenner in neutral zone.
10:38 of 1st period - Josh Bailey is hit by Tyler Randell and loses puck.
10:49 of 1st period - Wrist shot by Dylan Olsen.
10:49 of 1st period - Shot Misses the Net.
10:51 of 1st period - Slapshot by Victor Bartley.
10:51 of 1st period - Deflect By Michael Bournival.
10:51 of 1st period - Stopped by Elvis Merzlikins with a rebound.
10:53 of 1st period - Slapshot by Victor Bartley.
10:53 of 1st period - Stopped by Elvis Merzlikins without a rebound.
10:54 of 1st period - Calle Jarnkrok wins face-off versus Nicolas Petan in Knights zone.
10:57 of 1st period - Wrist shot by Brandon McMillan.
10:57 of 1st period - Shot Hit the Post.
11:03 of 1st period - Snap shot by Calle Jarnkrok.
11:03 of 1st period - Shot Misses the Net.
11:41 of 1st period - Slapshot by Dylan Olsen.
11:41 of 1st period - Shot Blocked by Jordan Martinook.
12:09 of 1st period - Snap shot by Linden Vey.
12:09 of 1st period - Stopped by Ilya Sorokin without a rebound.
12:10 of 1st period - Noel Acciari wins face-off versus Tyler Brenner in Harfangs zone.
12:11 of 1st period - Wrist shot by Dwight King.
12:11 of 1st period - Stopped by Ilya Sorokin without a rebound.
12:12 of 1st period - Tyler Brenner wins face-off versus Noel Acciari in Harfangs zone.
12:12 of 1st period - Tyler Brenner is hit by Ryan Strome.
13:02 of 1st period - Wrist shot by Nikolaj Ehlers.
13:02 of 1st period - Shot Misses the Net.
13:26 of 1st period - Victor Bartley is hit by Nathan Walker and loses puck.
13:31 of 1st period - Wrist shot by Vince Hinostroza.
13:31 of 1st period - Shot Misses the Net.
13:33 of 1st period - Slapshot by Collin Miller.
13:33 of 1st period - Deflect By Nicolas Petan.
13:33 of 1st period - Shot Blocked by Lucas Wallmarkk.
13:33 of 1st period - Puck is out of play.
13:34 of 1st period - Tyler Randell wins face-off versus Noel Acciari in Harfangs zone.
13:49 of 1st period - Slapshot by Tyler Randell.
13:49 of 1st period - Stopped by Elvis Merzlikins with a rebound.
14:01 of 1st period - Ryan Hartman is hit by Jordan Martinook and loses puck.
14:10 of 1st period - Wrist shot by Josh Bailey.
14:10 of 1st period - Shot Blocked by Victor Bartley.
14:12 of 1st period - Slapshot by Michael Matheson.
14:12 of 1st period - Shot Hit the Post.
14:26 of 1st period - Victor Bartley is hit by Vince Hinostroza and loses puck.
14:45 of 1st period - Snap shot by Brandon McMillan.
14:45 of 1st period - Stopped by Elvis Merzlikins with a rebound.
15:18 of 1st period - Wrist shot by Brandon McMillan.
15:18 of 1st period - Stopped by Elvis Merzlikins with a rebound.
15:20 of 1st period - Snap shot by Ryan Hartman.
15:20 of 1st period - Shot Misses the Net.
15:34 of 1st period - Snap shot by Calle Jarnkrok.
15:34 of 1st period - Goal by Calle Jarnkrok - Harfangs : 1 - Knights : 1.
15:35 of 1st period - Tyler Brenner wins face-off versus Miro Aaltonen in neutral zone.
15:42 of 1st period - Snap shot by Jaccob Slavin.
15:42 of 1st period - Stopped by Ilya Sorokin with a rebound.
15:50 of 1st period - Snap shot by Josh Bailey.
15:50 of 1st period - Stopped by Ilya Sorokin without a rebound.
15:51 of 1st period - Tyler Brenner wins face-off versus Noel Acciari in Harfangs zone.
16:05 of 1st period - Wrist shot by Michael Bournival.
16:05 of 1st period - Shot Blocked by Ryan Strome.
16:15 of 1st period - Victor Bartley is hit by Tomas Kundratek and loses puck.
18:18 of 1st period - Snap shot by Tyler Brenner.
18:18 of 1st period - Stopped by Elvis Merzlikins with a rebound.
18:20 of 1st period - Snap shot by Tyler Randell.
18:20 of 1st period - Stopped by Elvis Merzlikins without a rebound.
18:21 of 1st period - Calle Jarnkrok wins face-off versus Noel Acciari in Knights zone.
18:27 of 1st period - Minor Penalty to Dwight King for Hooking.
18:28 of 1st period - Josh Bailey wins face-off versus Tyler Brenner in Knights zone.
18:42 of 1st period - Wrist shot by Michael Bournival.
18:42 of 1st period - Stopped by Elvis Merzlikins with a rebound.
18:44 of 1st period - Wrist shot by Michael Bournival.
18:44 of 1st period - Deflect By Tyler Brenner.
18:44 of 1st period - Stopped by Elvis Merzlikins with a rebound.
19:29 of 1st period - Icing by Tyler Randell.
19:30 of 1st period - Tyler Brenner wins face-off versus Noel Acciari in Harfangs zone.
Goals for this period are 1 for Harfangs vs 1 for Knights.
Shots for this period are 12 for Harfangs vs 7 for Knights.
2nd period
0:01 of 2nd period - Josh Bailey wins face-off versus Tyler Brenner in neutral zone.
0:05 of 2nd period - Slapshot by Olli Maatta.
0:05 of 2nd period - Deflect By Josh Bailey.
0:05 of 2nd period - Shot Misses the Net.
0:05 of 2nd period - Puck is out of play.
0:06 of 2nd period - Josh Bailey wins face-off versus Tyler Brenner in Harfangs zone.
0:09 of 2nd period - Snap shot by Josh Bailey.
0:09 of 2nd period - Stopped by Ilya Sorokin with a rebound.
0:27 of 2nd period - Penalty to Dwight King is over, Dwight King is back on ice.
1:20 of 2nd period - Snap shot by Morgan Klimchuk.
1:20 of 2nd period - Shot Misses the Net.
1:42 of 2nd period - Michael Bournival is hit by Michael Matheson and loses puck.
2:06 of 2nd period - Michael Matheson is hit by Ryan Hartman and loses puck.
3:09 of 2nd period - Slapshot by Dylan Olsen.
3:09 of 2nd period - Deflect By Lucas Wallmarkk.
3:09 of 2nd period - Shot Blocked by Olli Maatta.
3:09 of 2nd period - Puck is out of play.
3:10 of 2nd period - Noel Acciari wins face-off versus Lucas Wallmarkk in Knights zone.
3:10 of 2nd period - Noel Acciari is hit by Mark Alt.
3:16 of 2nd period - Wrist shot by Ryan Strome.
3:16 of 2nd period - Shot Misses the Net.
3:18 of 2nd period - Minor Penalty to Morgan Klimchuk for High sticking.
3:19 of 2nd period - Tyler Randell wins face-off versus Noel Acciari in Harfangs zone.
4:05 of 2nd period - Noel Acciari is hit by Jake Dotchin and loses puck.
4:29 of 2nd period - Jaccob Slavin is hit by Tyler Brenner and loses puck.
5:18 of 2nd period - Penalty to Morgan Klimchuk is over, Morgan Klimchuk is back on ice.
6:04 of 2nd period - Nathan Walker is hit by Ryan Hartman and loses puck.
6:49 of 2nd period - Rinat Valiev is hit by Jordan Martinook and loses puck.
7:45 of 2nd period - Icing by Jaccob Slavin.
7:46 of 2nd period - Calle Jarnkrok wins face-off versus Noel Acciari in Knights zone.
7:47 of 2nd period - Snap shot by Brandon McMillan.
7:47 of 2nd period - Stopped by Elvis Merzlikins with a rebound.
8:01 of 2nd period - Dwight King is hit by Brandon McMillan and loses puck.
8:12 of 2nd period - Snap shot by Dwight King.
8:12 of 2nd period - Stopped by Ilya Sorokin with a rebound.
8:27 of 2nd period - Double Minor Penalty to Erik Nystrom for High sticking.
8:28 of 2nd period - Tyler Randell wins face-off versus Noel Acciari in Harfangs zone.
8:28 of 2nd period - Tyler Randell is hit by Josh Bailey.
8:53 of 2nd period - Michael Bournival is hit by Ryan Strome and loses puck.
10:19 of 2nd period - Dylan Olsen is hit by Collin Miller and loses puck.
11:46 of 2nd period - Tyler Randell is hit by Nathan Walker and loses puck.
12:27 of 2nd period - Penalty to Erik Nystrom is over, Erik Nystrom is back on ice.
14:47 of 2nd period - Dylan Olsen is hit by Michael Matheson and loses puck.
14:55 of 2nd period - Icing by Dylan Olsen.
14:56 of 2nd period - Brendan Gaunce wins face-off versus Tyler Brenner in Harfangs zone.
15:09 of 2nd period - Wrist shot by Victor Bartley.
15:09 of 2nd period - Shot Misses the Net.
15:11 of 2nd period - Wrist shot by Tyler Randell.
15:11 of 2nd period - Shot Misses the Net.
15:13 of 2nd period - Wrist shot by Tyler Brenner.
15:13 of 2nd period - Shot Misses the Net.
15:15 of 2nd period - Slapshot by Dylan Olsen.
15:15 of 2nd period - Stopped by Elvis Merzlikins with a rebound.
15:17 of 2nd period - Wrist shot by Tyler Brenner.
15:17 of 2nd period - Stopped by Elvis Merzlikins with a rebound.
15:25 of 2nd period - Slapshot by Michael Matheson.
15:25 of 2nd period - Shot Misses the Net.
15:32 of 2nd period - Minor Penalty to Nicolas Petan for Roughing.
15:33 of 2nd period - Dwight King wins face-off versus Calle Jarnkrok in Knights zone.
17:32 of 2nd period - Penalty to Nicolas Petan is over, Nicolas Petan is back on ice.
17:52 of 2nd period - Snap shot by Vince Hinostroza.
17:52 of 2nd period - Stopped by Ilya Sorokin with a rebound.
17:54 of 2nd period - Wrist shot by Vince Hinostroza.
17:54 of 2nd period - Shot Misses the Net.
17:56 of 2nd period - Slapshot by Nathan Walker.
17:56 of 2nd period - Stopped by Ilya Sorokin with a rebound.
19:04 of 2nd period - Reid McNeill is hit by Vince Hinostroza and loses puck.
19:19 of 2nd period - Linden Vey is hit by Brandon McMillan and loses puck.
Goals for this period are 0 for Harfangs vs 0 for Knights.
Shots for this period are 3 for Harfangs vs 4 for Knights.
3rd period
0:01 of 3rd period - Noel Acciari wins face-off versus Tyler Brenner in neutral zone.
0:09 of 3rd period - Slapshot by Dylan Olsen.
0:09 of 3rd period - Deflect By Noel Acciari.
0:09 of 3rd period - Stopped by Elvis Merzlikins without a rebound.
0:10 of 3rd period - Noel Acciari wins face-off versus Tyler Brenner in Knights zone.
0:39 of 3rd period - Snap shot by Michael Bournival.
0:39 of 3rd period - Stopped by Elvis Merzlikins without a rebound.
0:40 of 3rd period - Calle Jarnkrok wins face-off versus Miro Aaltonen in Knights zone.
1:05 of 3rd period - Nick Shore is hit by Collin Miller and loses puck.
1:34 of 3rd period - Ryan Strome is hit by Victor Bartley and loses puck.
1:52 of 3rd period - Double Minor Penalty to Nicolas Petan for Boarding.
1:53 of 3rd period - Dwight King wins face-off versus Tyler Brenner in Knights zone.
2:04 of 3rd period - Slapshot by Michael Bournival.
2:04 of 3rd period - Shot Misses the Net.
2:06 of 3rd period - Slapshot by Jake Dotchin.
2:06 of 3rd period - Shot Blocked by Dwight King.
4:01 of 3rd period - Tomas Kundratek is hit by Nick Shore and loses puck.
4:42 of 3rd period - Wrist shot by Nick Shore.
4:42 of 3rd period - Shot Blocked by Josh Bailey.
5:52 of 3rd period - Penalty to Nicolas Petan is over, Nicolas Petan is back on ice.
7:03 of 3rd period - Rinat Valiev is hit by Dwight King.
7:49 of 3rd period - Rinat Valiev is hit by Nathan Walker and loses puck.
8:04 of 3rd period - Wrist shot by Jordan Martinook.
8:04 of 3rd period - Stopped by Ilya Sorokin with a rebound.
8:20 of 3rd period - Slapshot by Brandon McMillan.
8:20 of 3rd period - Shot Blocked by Olli Maatta.
8:37 of 3rd period - Nicolas Petan is hit by Sven Andrighetto and loses puck.
8:43 of 3rd period - Icing by Michael Matheson.
8:44 of 3rd period - Nicolas Petan wins face-off versus Calle Jarnkrok in Knights zone.
8:57 of 3rd period - Snap shot by Nathan Walker.
8:57 of 3rd period - Shot Misses the Net.
8:59 of 3rd period - Snap shot by Nathan Walker.
8:59 of 3rd period - Deflect By Vince Hinostroza.
8:59 of 3rd period - Goal by Vince Hinostroza - Harfangs : 1 - Knights : 2.
9:00 of 3rd period - Noel Acciari wins face-off versus Tyler Brenner in neutral zone.
9:05 of 3rd period - Slapshot by Jaccob Slavin.
9:05 of 3rd period - Stopped by Ilya Sorokin with a rebound.
9:07 of 3rd period - Snap shot by Ryan Strome.
9:07 of 3rd period - Shot Misses the Net.
9:09 of 3rd period - Snap shot by Noel Acciari.
9:09 of 3rd period - Shot Misses the Net.
9:11 of 3rd period - Slapshot by Dwight King.
9:11 of 3rd period - Shot Misses the Net.
9:13 of 3rd period - Snap shot by Noel Acciari.
9:13 of 3rd period - Stopped by Ilya Sorokin with a rebound.
9:15 of 3rd period - Snap shot by Dwight King.
9:15 of 3rd period - Stopped by Ilya Sorokin without a rebound.
9:16 of 3rd period - Calle Jarnkrok wins face-off versus Miro Aaltonen in Harfangs zone.
9:16 of 3rd period - Calle Jarnkrok is hit by Tomas Kundratek.
10:10 of 3rd period - Wrist shot by Nick Shore.
10:10 of 3rd period - Shot Misses the Net.
10:12 of 3rd period - Wrist shot by Sven Andrighetto.
10:12 of 3rd period - Stopped by Elvis Merzlikins with a rebound.
10:26 of 3rd period - Nick Sorensen is hit by Brendan Gaunce and loses puck.
10:31 of 3rd period - Snap shot by Brendan Gaunce.
10:31 of 3rd period - Shot Misses the Net.
10:33 of 3rd period - Snap shot by Linden Vey.
10:33 of 3rd period - Shot Misses the Net.
10:51 of 3rd period - Snap shot by Ryan Hartman.
10:51 of 3rd period - Deflect By Josh Bailey.
10:51 of 3rd period - Shot Misses the Net.
10:51 of 3rd period - Puck is out of play.
10:52 of 3rd period - Tyler Brenner wins face-off versus Noel Acciari in Knights zone.
11:07 of 3rd period - Wrist shot by Dwight King.
11:07 of 3rd period - Deflect By Ryan Strome.
11:07 of 3rd period - Stopped by Ilya Sorokin with a rebound.
11:19 of 3rd period - Slapshot by Brendan Gaunce.
11:19 of 3rd period - Stopped by Ilya Sorokin without a rebound.
11:20 of 3rd period - Calle Jarnkrok wins face-off versus Linden Vey in Harfangs zone.
11:20 of 3rd period - Calle Jarnkrok is hit by Brendan Gaunce.
11:34 of 3rd period - Snap shot by Brendan Gaunce.
11:34 of 3rd period - Shot Misses the Net.
11:36 of 3rd period - Snap shot by Ludwig Bystrom.
11:36 of 3rd period - Shot Blocked by Ryan Hartman.
12:14 of 3rd period - Icing by Jordan Martinook.
12:15 of 3rd period - Miro Aaltonen wins face-off versus Tyler Brenner in Knights zone.
12:20 of 3rd period - Slapshot by Jaccob Slavin.
12:20 of 3rd period - Stopped by Ilya Sorokin with a rebound.
12:39 of 3rd period - Off-side.
12:40 of 3rd period - Noel Acciari wins face-off versus Ryan Hartman in neutral zone.
12:51 of 3rd period - Slapshot by Dwight King.
12:51 of 3rd period - Goal by Dwight King - Harfangs : 1 - Knights : 3.
12:52 of 3rd period - Tyler Brenner wins face-off versus Noel Acciari in neutral zone.
12:54 of 3rd period - Double Minor Penalty to Michael Bournival for Boarding.
12:55 of 3rd period - Tyler Randell wins face-off versus Noel Acciari in Harfangs zone.
13:11 of 3rd period - Wrist shot by Josh Bailey.
13:11 of 3rd period - Shot Blocked by Dylan Olsen.
13:21 of 3rd period - Erik Nystrom is hit by Ryan Strome and loses puck.
13:26 of 3rd period - Slapshot by Linden Vey.
13:26 of 3rd period - Stopped by Ilya Sorokin with a rebound.
13:28 of 3rd period - Slapshot by Tomas Kundratek.
13:28 of 3rd period - Stopped by Ilya Sorokin without a rebound.
13:29 of 3rd period - Noel Acciari wins face-off versus Tyler Randell in Harfangs zone.
13:36 of 3rd period - Wrist shot by Nikolaj Ehlers.
13:36 of 3rd period - Stopped by Ilya Sorokin without a rebound.
13:37 of 3rd period - Tyler Randell wins face-off versus Noel Acciari in Harfangs zone.
16:54 of 3rd period - Penalty to Michael Bournival is over, Michael Bournival is back on ice.
17:51 of 3rd period - Jordan Martinook is hit by Tyler Randell and loses puck.
18:12 of 3rd period - Jake Dotchin is hit by Ludwig Bystrom and loses puck.
18:33 of 3rd period - Ryan Hartman is hit by Nathan Walker.
18:53 of 3rd period - Nick Sorensen is hit by Collin Miller and loses puck.
19:10 of 3rd period - Brendan Gaunce is hit by Rinat Valiev and loses puck.
19:32 of 3rd period - Minor Penalty to Erik Nystrom for Hooking.
19:33 of 3rd period - Tyler Randell wins face-off versus Nikolaj Ehlers in Harfangs zone.
Goals for this period are 0 for Harfangs vs 2 for Knights.
Shots for this period are 3 for Harfangs vs 12 for Knights.
Back to the Top